Map: Golden Wall LE

Players

Denver

  • Race: Zerg Zerg
  • League: Master
  • Spawn Location: 5:00

MarineLorD - Winner!

  • Race: Terran Terran
  • Spawn Location: 7:00

Event: DreamHack SC2 Masters 2020 Summer Europe

VOD

Have the link to the VOD?

Description

Time

  • Played on: July 8, 2020, 1:33 p.m.
  • Length: 18:00

All games in this series

Show
View Real Time Build Order
Export as new Build Order

Denver Zerg 

Build Orders: Hatch First 

Get SALT Encoding   

  12  0:00  Drone  
  13  0:12  Overlord  
  13  0:17  Drone  
  14  0:31  Drone x2  
  16  0:50  Hatchery  
  16  0:52  Drone  
  16  0:57  Drone  
  17  1:00  Drone  
  18  1:13  Extractor  
  18  1:17  Spawning Pool  
  16  1:22  Drone  
  16  1:24  Drone  
  18  1:30  Drone  
  19  1:39  Drone  
  20  1:51  Drone  
  21  2:03  Queen  
  21  2:04  Zergling x4, Queen  
  27  2:13  Overlord  
  27  2:14  Metabolic Boost  
  27  2:24  Drone  
  28  2:36  Spore Crawler, Drone x2  
  28  2:44  Hatchery  
  28  2:47  Drone  
  28  2:49  Drone  
  30  2:52  Drone  
  30  2:57  Overlord  
  31  3:00  Drone  
  31  3:03  Drone  
  33  3:06  Pneumatized Carapace  
  33  3:10  Drone  
  33  3:12  Drone  
  35  3:14  Drone  
  35  3:17  Drone  
  37  3:25  Drone x2  
  37  3:27  Queen  
  39  3:31  Overlord  
  39  3:33  Drone  
  42  3:37  Drone  
  42  3:39  Drone  
  44  3:48  Overlord  
  44  3:49  Queen, Drone  
  44  3:50  Drone  
  48  3:56  Zergling x6  
  48  4:00  Queen  
  53  4:03  Drone  
  53  4:04  Drone  
  53  4:06  Drone  
  56  4:11  Drone x3  
  56  4:14  Overlord  
  59  4:19  Drone x2  
  59  4:20  Drone x2  
  63  4:24  Overlord  
  63  4:28  Drone  
  63  4:29  Overlord  
  64  4:32  Lair  
  64  4:35  Baneling Nest  
  64  4:37  Queen  
  65  4:43  Overlord  
  65  4:45  Drone x4  
  68  4:51  Queen, Drone x2  
  73  4:57  Spore Crawler  
  73  4:59  Spore Crawler  
  71  5:01  Zergling x10  
  71  5:03  Drone  
  77  5:10  Overlord, Spore Crawler  
  77  5:13  Drone x4  
  80  5:16  Queen  
  74  5:37  Drone x12  
  74  5:42  Extractor  
  82  5:43  Overseer, Extractor  
  82  5:46  Roach Warren, Spore Crawler  
  82  5:49  Drone x2  
  81  5:51  Drone x3  
  84  5:58  Evolution Chamber x2  
  82  6:05  Drone x4  
  82  6:09  Hatchery  
  80  6:14  Drone x3  
  80  6:15  Drone x3  
  80  6:16  Extractor  
  84  6:19  Overlord  
  84  6:21  Overlord  
  84  6:29  Overlord  
  84  6:30  Zerg Missile Weapons Level 1, Glial Reconstitution  
  84  6:33  Zerg Melee Weapons Level 1  
  84  6:35  Drone x5  
  89  6:46  Zergling x2  
  91  6:47  Zergling x14  
  90  7:02  Drone x3  
  90  7:03  Queen, Spire  
  90  7:07  Extractor x2  
  92  7:09  Drone x3  
  92  7:10  Drone x3  
  92  7:11  Overlord  
  92  7:14  Overlord  
  98  7:16  Drone  
  98  7:22  Spore Crawler  
  97  7:32  Roach x10  
  112  7:41  Overlord  
  109  7:44  Overlord x2  
  109  7:47  Drone x3  
  112  7:56  Spore Crawler x2  
  110  7:59  Overlord x2  
  105  8:16  Corruptor x5  
  105  8:17  Corruptor x3  
  119  8:21  Drone x2  
  119  8:26  Zergling x2  
  119  8:27  Zergling x10  
  125  8:30  Drone x2  
  125  8:36  Roach x2  
  125  8:39  Drone  
  125  8:40  Drone x2  
  130  8:41  Drone  
  130  8:47  Corruptor  
  130  8:48  Corruptor  
  132  8:52  Roach x2  
  132  8:55  Overlord  
  138  8:59  Roach x3  
  144  9:03  Overlord  
  144  9:05  Roach x2  
  148  9:10  Roach x2  
  148  9:13  Ravager x5  
  148  9:15  Roach  
  148  9:16  Roach  
  161  9:18  Overlord  
  161  9:20  Overlord  
  161  9:22  Roach  
  163  9:25  Zergling x2  
  163  9:26  Zergling x4  
  166  9:33  Roach x4  
  172  9:42  Roach x5  
  172  9:43  Ravager  
  172  9:44  Ravager x2  
  181  9:52  Roach x5  
  181  9:54  Zergling x4  
  175  10:01  Roach x4  
  173  10:07  Zergling x12  
  171  10:15  Roach x5  
  159  10:22  Roach x4  
  159  10:26  Overseer x2  
  159  10:30  Roach  
  159  10:31  Roach x3  
  166  10:42  Roach x7  
  171  10:48  Roach  
  171  10:49  Roach x2  
  162  10:55  Roach  
  162  10:56  Roach x3  
  151  11:09  Zergling x26  
  154  11:15  Roach x2  
  146  11:21  Roach x3  
  139  11:28  Roach  
  139  11:29  Roach x3  
  139  11:31  Roach x3  
  153  11:37  Roach x4  
  153  11:38  Roach  
  164  11:40  Ravager x4  
  164  11:47  Roach x3  
  173  11:49  Overseer  
  173  11:52  Roach x2  
  173  11:53  Overlord  
  176  12:00  Roach x4  
  181  12:04  Ravager x3  
  181  12:05  Overlord  
  184  12:09  Overlord  
  166  12:19  Roach x2  
  166  12:20  Roach x5  
  170  12:26  Roach x3  
  171  12:34  Roach  
  171  12:35  Roach x4  
  161  12:44  Roach x5  
  161  12:51  Roach x4  
  154  13:00  Ravager x4  
  154  13:03  Roach x5  
  165  13:09  Roach x3  
  137  13:20  Roach x6  
  137  13:23  Ravager x2  
  140  13:28  Roach x3, Extractor  
  140  13:30  Drone  
  141  13:37  Roach x3  
  143  13:41  Drone x3  
  143  13:45  Drone  
  142  13:55  Roach x6  
  148  13:58  Drone x2  
  142  14:06  Drone x6  
  104  14:25  Hatchery  
  104  14:26  Roach x6  
  111  14:36  Centrifical Hooks  
  97  14:38  Queen  
  97  14:39  Queen  
  97  14:42  Roach x2  
  97  14:44  Overseer  
  105  14:50  Roach x4  
  105  14:51  Roach  
  115  14:53  Ravager x4  
  115  14:57  Infestation Pit  
  118  15:02  Roach x3  
  126  15:07  Roach x2  
  126  15:13  Zerg Missile Weapons Level 2  
  128  15:14  Zerg Ground Armor Level 1  
  128  15:16  Drone x2  
  128  15:17  Drone  
  128  15:20  Queen  
  133  15:26  Queen  
  135  15:33  Overlord  
  135  15:34  Infestor x2  
  139  15:38  Pathogen Glands  
  139  15:43  Ravager x2  
  139  15:45  Burrow  
  139  15:46  Tunneling Claws  
  139  15:47  Infestor  
  143  15:50  Extractor  
  143  15:52  Infestor  
  143  15:56  Zergling x10  
  149  15:59  Drone x3  
  152  16:05  Zergling x10  
  157  16:17  Ravager x4  
  161  16:20  Hatchery  
  160  16:29  Baneling x10  
  160  16:30  Drone  
  160  16:31  Drone x3  
  164  16:38  Zergling x14, Roach  
  164  16:39  Roach  
  168  16:44  Drone x6  
  166  16:54  Infestor  
  166  16:57  Baneling x9  
  166  16:59  Drone x5  
  170  17:03  Drone x4  
  170  17:05  Infestor  
  170  17:06  Infestor x2  
  170  17:07  Ravager x7  
  180  17:14  Queen  
  180  17:17  Zergling x12  
  172  17:37  Zergling x26  
  172  17:38  Zergling x10  
Show
View Real Time Build Order
Export as new Build Order

MarineLorD Terran - Winner!

Build Orders: Reaper Expand 

Get SALT Encoding   

  12  0:00  SCV  
  13  0:12  SCV  
  14  0:17  Supply Depot  
  14  0:24  SCV  
  15  0:38  SCV  
  15  0:41  Barracks  
  16  0:46  Refinery  
  16  0:50  SCV  
  17  1:02  SCV  
  18  1:15  SCV  
  19  1:28  Orbital Command  
  19  1:29  Reaper  
  20  1:40  Command Center  
  20  1:50  Supply Depot  
  21  1:54  SCV  
  21  2:01  Marine  
  21  2:06  SCV  
  23  2:13  Factory  
  23  2:18  SCV  
  23  2:19  Marine  
  25  2:31  SCV  
  26  2:39  Barracks Reactor  
  26  2:43  SCV  
  27  2:52  Command Center  
  27  2:53  Orbital Command  
  27  2:56  SCV  
  28  3:02  Refinery  
  28  3:08  SCV  
  29  3:13  Starport  
  29  3:19  SCV  
  30  3:20  SCV  
  30  3:25  Hellion x2  
  35  3:31  SCV  
  35  3:32  SCV  
  37  3:43  SCV  
  37  3:45  SCV  
  37  3:46  Hellion  
  37  3:47  Hellion  
  37  3:48  Barracks Tech Lab  
  44  3:55  SCV  
  44  3:56  Fusion Core  
  44  3:57  SCV  
  45  4:05  Orbital Command  
  45  4:07  SCV  
  45  4:08  Marine  
  47  4:11  Hellion x2  
  47  4:15  SCV  
  52  4:19  SCV  
  53  4:25  Supply Depot  
  53  4:26  Supply Depot  
  53  4:27  SCV  
  54  4:32  SCV x2  
  54  4:34  Hellion x2  
  60  4:43  SCV  
  61  4:47  Battlecruiser  
  61  4:48  SCV  
  61  4:52  Supply Depot  
  68  4:54  Supply Depot  
  68  4:55  SCV  
  68  4:56  SCV  
  70  5:01  Refinery x2  
  70  5:03  SCV  
  70  5:07  SCV  
  72  5:08  SCV  
  72  5:09  Hellion x2  
  77  5:15  SCV, Supply Depot  
  77  5:19  SCV  
  79  5:22  Factory  
  79  5:23  SCV, Factory  
  79  5:27  SCV  
  75  5:39  Hellion x2  
  75  5:41  SCV x2  
  74  5:53  SCV, Battlecruiser  
  74  5:55  SCV  
  82  5:58  Orbital Command  
  82  5:59  Refinery  
  82  6:00  Hellion x2  
  82  6:01  Refinery  
  86  6:05  SCV  
  86  6:07  SCV  
  88  6:17  SCV, Factory Tech Lab x2  
  89  6:19  SCV  
  89  6:20  Armory  
  89  6:22  Engineering Bay  
  90  6:26  SCV  
  90  6:30  SCV  
  92  6:33  SCV  
  92  6:35  Supply Depot x3  
  92  6:38  SCV  
  94  6:42  SCV  
  94  6:45  SCV, Hellion x2  
  94  6:50  SCV  
  94  6:52  Cyclone x2  
  94  6:54  SCV, Mag-Field Accelerator  
  96  6:59  Weapon Refit  
  96  7:01  SCV  
  97  7:02  SCV  
  97  7:06  SCV  
  99  7:13  SCV  
  99  7:14  Terran Vehicle Weapons Level 1  
  99  7:15  Hellion x2  
  104  7:24  Cyclone  
  108  7:31  SCV  
  106  7:38  Hellion x2  
  106  7:41  Factory  
  106  7:42  Factory  
  110  7:46  Cyclone  
  110  7:47  Missile Turret  
  110  7:49  Command Center  
  110  7:56  Battlecruiser, Supply Depot  
  110  7:57  Supply Depot, Cyclone  
  119  8:01  SCV  
  119  8:02  SCV x2  
  124  8:05  Hellion  
  124  8:13  SCV  
  124  8:18  Hellion, Cyclone  
  130  8:24  Armory  
  130  8:26  SCV  
  131  8:29  Cyclone  
  134  8:36  SCV x2  
  128  8:44  Factory Reactor, Factory Tech Lab  
  128  8:50  Cyclone, Factory  
  128  8:51  Factory  
  128  8:52  Factory  
  128  8:54  Missile Turret x2  
  131  8:56  Hellion x2  
  131  8:58  Missile Turret  
  131  9:01  Cyclone, Missile Turret  
  138  9:08  Infernal Pre-Igniter  
  138  9:09  Drilling Claws  
  138  9:11  Cyclone  
  141  9:17  Sensor Tower  
  141  9:23  Starport Reactor  
  141  9:25  Cyclone, Widow Mine x4  
  141  9:27  Supply Depot  
  141  9:28  Supply Depot  
  141  9:30  Supply Depot x2  
  152  9:33  Planetary Fortress  
  152  9:37  Terran Vehicle And Ship Armor Level 1  
  142  9:55  Cyclone x2  
  142  9:56  Hellion  
  142  9:57  Hellion x6, Cyclone  
  150  10:04  SCV x2  
  143  10:13  Refinery  
  141  10:14  SCV, Refinery  
  141  10:15  Command Center  
  141  10:18  Hellion  
  141  10:20  SCV x2  
  139  10:27  Cyclone x2  
  142  10:29  Cyclone  
  137  10:39  Hellion  
  131  10:43  Hellion x2  
  131  10:45  Hellion x2  
  130  10:50  SCV x2  
  130  10:51  SCV  
  130  10:59  Cyclone x2  
  130  11:02  SCV  
  129  11:05  Hellion x2, Cyclone  
  129  11:08  Hellion  
  129  11:15  SCV x2  
  129  11:16  SCV  
  118  11:27  SCV x2  
  118  11:28  SCV  
  118  11:31  Cyclone  
  124  11:33  Cyclone  
  124  11:37  Cyclone  
  124  11:39  SCV x2  
  129  11:40  SCV  
  129  11:43  Terran Vehicle Weapons Level 2  
  130  11:51  SCV x2, Orbital Command  
  130  11:52  SCV  
  133  12:01  Missile Turret  
  133  12:03  Cyclone  
  133  12:05  Cyclone, Factory Tech Lab x2  
  133  12:06  Factory Tech Lab  
  133  12:07  SCV x2  
  133  12:08  SCV  
  125  12:18  Siege Tank  
  125  12:19  SCV x2  
  125  12:20  SCV  
  125  12:21  SCV  
  117  12:29  Siege Tank  
  106  12:30  Hellion  
  106  12:31  SCV  
  106  12:32  SCV  
  106  12:35  Hellion x2, Siege Tank  
  109  12:44  Cyclone  
  109  12:49  SCV  
  109  12:50  SCV  
  86  13:07  Siege Tank x2  
  89  13:15  SCV x2  
  89  13:17  SCV  
  82  13:31  SCV  
  82  13:32  SCV  
  84  13:40  Orbital Command  
  84  13:44  SCV x2, Cyclone x3  
  84  13:47  Cyclone x3  
  94  13:56  SCV  
  94  14:00  Orbital Command  
  83  14:04  SCV  
  83  14:09  SCV x2  
  86  14:16  Cyclone x2  
  85  14:37  SCV  
  85  14:38  SCV x3  
  89  14:51  SCV x2  
  91  14:54  SCV  
  91  14:58  Terran Vehicle And Ship Armor Level 2  
  92  15:05  Hellion x3  
  98  15:07  Missile Turret  
  100  15:14  SCV x4  
  102  15:23  Cyclone x2  
  102  15:24  Cyclone x3  
  102  15:26  SCV x3  
  120  15:32  Cyclone  
  120  15:35  Hellion x3  
  129  15:36  Hellion  
  129  15:42  Refinery  
  131  15:43  Refinery  
  131  15:52  Sensor Tower  
  131  15:58  Cyclone x2  
  137  16:11  Liberator x2  
  140  16:15  Cyclone  
  146  16:19  Supply Depot  
  146  16:20  Supply Depot  
  146  16:24  SCV x2  
  148  16:28  Missile Turret  
  148  16:41  Hellion x2, Cyclone  
  148  16:42  Hellion  
  153  16:48  Cyclone x2  
  159  17:03  Siege Tank  
  162  17:18  Command Center, Siege Tank  
  165  17:23  Supply Depot  
  165  17:25  Supply Depot  
Tags
 
Add a new tag
Caveats
  • Supply blocks, unpowered buildings, or Contaminate may cause inaccurate times.
  • Supply counts are checked every 10 seconds.